 Dungeon Crawl Stone Soup version 0.24.0-1-gfbc8707122 (webtiles) character file.

Game seed: 4229292376440003900, levelgen mode: deterministic

257 Froggeryz the Chopper (level 5, -1/45 HPs)
             Began as a Minotaur Fighter on Oct 27, 2019.
             Slain by Grinder (6 damage)
             ... while paralysed by Grinder
             ... on level 3 of the Dungeon.
             The game lasted 00:02:50 (2702 turns).

Froggeryz the Chopper (Minotaur Fighter)            Turns: 2702, Time: 00:02:51

Health: -1/45      AC:  6    Str: 21    XL:     5   Next: 93%
Magic:  4/4        EV:  2    Int:  5    God:
Gold:   54         SH:  0    Dex: 10    Spells: 4/4 levels left

rFire    . . .     SeeInvis .   a - +0 war axe
rCold    . . .     Gourm    .   c - +0 shield
rNeg     . . .     Faith    .   b - +0 scale mail
rPois    .         Spirit   .   (helmet restricted)
rElec    .         Reflect  .   (no cloak)
rCorr    .         Harm     .   (no gloves)
MR       .....                  (no boots)
Stlth    ..........             (no amulet)
HPRegen  0.15/turn              (no ring)
MPRegen  0.09/turn              (no ring)

@: paralysed
A: retaliatory headbutt, horns 2
a: no special abilities


You were on level 3 of the Dungeon.
You were near starving.

You visited 1 branch of the dungeon, and saw 3 of its levels.

You collected 54 gold pieces.

Inventory:

Hand Weapons
 a - a +0 war axe (weapon)
Missiles
 i - 5 boomerangs (quivered)
Armour
 b - a +0 scale mail (worn)
 c - a +0 shield (worn)
Wands
 q - a wand of iceblast (10)
Scrolls
 e - a scroll of noise {unknown}
 g - 4 scrolls of remove curse {unknown}
 j - a scroll of enchant weapon {unknown}
 k - 4 scrolls of identify {unknown}
 l - a scroll of magic mapping {unknown}
 m - a scroll of fear {unknown}
 p - a scroll of teleportation {unknown}
 r - a scroll of random uselessness {unknown}
Potions
 d - a potion of lignification {unknown}
 h - a potion of haste
Comestibles
 f - 5 rations


   Skills:
 - Level 3.6 Fighting
 * Level 7.6 Axes
 - Level 3.6 Armour
 - Level 3.6 Shields


You had 4 spell levels left.
You didn't know any spells.
Your spell library was empty.

Dungeon Overview and Level Annotations

Branches:
Dungeon (3/15)

Altars:
Nemelex Xobeh

Annotations:
D:3 Grinder


Innate Abilities, Weirdness & Mutations

You reflexively headbutt those who attack you in melee.
You have a pair of horns on your head.


Message History

Grinder gestures at you. You resist with significant effort.
You can move again.
Unknown command.
Grinder hits you.
You closely miss Grinder. You block Grinder's attack.
You hit Grinder but do no damage. Your headbutt misses Grinder.
Grinder gestures at you.
You suddenly lose the ability to move!
Grinder says, "There's only one good use for a tongue: cutting it out."
Grinder hits you.
You writhe in agony.
Grinder hits you!
You writhe in agony.
* * * LOW HITPOINT WARNING * * *
Grinder hits you.
* * * LOW HITPOINT WARNING * * *
You writhe in agony.
* * * LOW HITPOINT WARNING * * *
Grinder blinks!
Grinder hits you.
You die...

#.#..#.# #.......# .
##....#.#####.......#
..#...#.........#.###
#.....####.###..#.#
....#......# #..#..
.###.......###...##.
....................#
...........###.#....
........@...# ......
........5...#
............#
...............
......:.....###
...........##
....#.....##
..######...


You could see Grinder.

Vanquished Creatures
  Sigmund (D:3)
  An iguana (D:2)
  2 adders (D:2)
  2 worms (D:2)
  A leopard gecko (D:1)
  5 orcs (D:3)
  7 bats
  A giant cockroach (D:2)
  2 goblins (D:1)
  5 hobgoblins
  4 frilled lizards
  14 kobolds
  4 rats
  A plant (D:1)
50 creatures vanquished.

Notes
Turn   | Place    | Note
-------+----------+-------------------------------------------
     0 | D:1      | Froggeryz the Minotaur Fighter began the quest for the Orb.
     0 | D:1      | Reached XP level 1. HP: 19/19 MP: 0/0
   147 | D:1      | Reached skill level 3 in Axes
   177 | D:1      | Reached XP level 2. HP: 26/26 MP: 1/1
   855 | D:1      | Reached skill level 4 in Axes
  1166 | D:2      | Reached XP level 3. HP: 31/31 MP: 2/2
  1534 | D:2      | Found a sparkling altar of Nemelex Xobeh.
  1586 | D:2      | Reached skill level 5 in Axes
  1695 | D:2      | Reached XP level 4. HP: 13/39 MP: 3/3
  2185 | D:3      | Noticed Sigmund
  2513 | D:3      | Killed Sigmund
  2513 | D:3      | Reached skill level 7 in Axes
  2513 | D:3      | Reached XP level 5. HP: 17/45 MP: 4/4
  2684 | D:3      | Noticed Grinder
  2690 | D:3      | Paralysed by Grinder for 5 turns
  2697 | D:3      | Paralysed by Grinder for 7 turns
  2702 | D:3      | Slain by Grinder

Levels and vault maps discovered:
D:1:      psy_arrival_radial02, layout_basic, hangedman_decor_peaks_small,
          st_stairs_1, lexackson_kobold_supper
D:2:      layout_loops_corners, marbit_many_paths
D:3:      layout_rooms, lemuel_doored_altar, minmay_misc_feat_room,
          evilmike_ruin_ashenzari, uniq_sigmund, uniq_grinder

Skill      XL: |  1  2  3  4 |
---------------+-------------+-----
Axes           | 3 4 5 7 |  7.6
Fighting       | |  3.6
Armour         | |  3.6
Shields        | |  3.6

Action                   |  1- 3 |  4- 6 || total
-------------------------+-------+-------++-------
Melee: War axe           |   101 |    32 ||   133
       Headbutt          |    14 |     5 ||    19
Throw: Boomerang         |     5 |       ||     5
  Use: Potion            |       |     4 ||     4
  Eat: Chunk             |     3 |     1 ||     4
Armor: Scale mail        |    47 |    14 ||    61
Dodge: Dodged            |    33 |    11 ||    44
Block: Shield            |    47 |    16 ||    63
